 Dungeon Sprint DCSS version 0.21.1-1-g345015f (webtiles) character file.

21681 sanboga the Severer (level 12, -6/123 HPs)
             Began as a Deep Dwarf Fighter on Mar 20, 2018.
             Was the Champion of Makhleb.
             Mangled by a merfolk aquamancer
             ... wielding a +2 great sword of distortion
              (8 damage)
             ... in the Dungeon (Sprint V: "Ziggurat Sprint").
             The game lasted 00:05:30 (760 turns).

sanboga the Severer (Deep Dwarf Fighter)             Turns: 760, Time: 00:05:30

Health: -6/123     AC: 35    Str: 29    XL:     12   Next: 56%
Magic:  18/18      EV:  8    Int:  9    God:    Makhleb [******]
Gold:   0          SH:  0    Dex: 12    Spells: 11/11 levels left

rFire    . . .     SeeInvis .   i - +5 executioner's axe (drain)
rCold    . . .     Gourm    +   (shield currently unavailable)
rNeg     + . .     Faith    .   a - +15 Maxwell's patent armour {-Cast -Tele rElec MR+ rCorr}
rPois    +         Spirit   .   l - +2 hat
rElec    +         Reflect  .   (no cloak)
rCorr    +         Harm     .   (no gloves)
MR       ++...     NoTele   +   x - +0 pair of boots {run} Stlth ..........NoCast +
                                D - amulet of New Discoveries {Gourm +Fly rPois Str+2}
HPRegen  0.00/turn              F - +3 ring of slaying
MPRegen  0.16/turn              E - ring "Sakhabba" {rN+ Str+2}

@: mesmerised, non-regenerating, very slow
A: damage resistance, heal wounds, sense surroundings 2, no regeneration
a: Heal Wounds, Minor Destruction, Lesser Servant of Makhleb, Major Destruction,
Greater Servant of Makhleb, Renounce Religion, Evoke Flight


You were in the Dungeon.
You worshipped Makhleb.
Makhleb was exalted by your worship.
You were not hungry.

You visited 1 branch

Inventory:

Hand Weapons
 i - a +5 executioner's axe of draining (weapon)
Armour
 a - the +15 Maxwell's patent armour (worn) {-Cast -Tele rElec MR+ rCorr}
   (You found it in the Dungeon)

   It insulates you from electricity.
   It affects your resistance to hostile enchantments.
   It prevents spellcasting.
   It prevents most forms of teleportation.
   It protects you from acid and corrosion.
 l - a +2 hat (worn)
 x - a +0 pair of boots of running (worn)
Jewellery
 C - an uncursed ring of fire
 D - the amulet of New Discoveries (around neck) {Gourm +Fly rPois Str+2}
   (You found it in the Dungeon)

   [amulet of the gourmand]

   It allows you to eat raw meat even when not hungry.
   It affects your strength (+2).
   It protects you from poison.
   It lets you fly.
 E - the ring "Sakhabba" (right hand) {rN+ Str+2}
   (You found it in the Dungeon)

   [ring of strength]

   It affects your strength (+2).
   It protects you from negative energy.
 F - a +3 ring of slaying (left hand)
Wands
 z - a wand of disintegration (7)
 A - a wand of iceblast (7)
 B - a wand of acid (7)
Scrolls
 k - 4 scrolls of blinking
 q - 4 scrolls of amnesia
 r - 7 scrolls of fog
 s - a scroll of holy word
 t - 5 scrolls of identify
 u - 5 scrolls of remove curse
 v - 2 scrolls of fear
Potions
 d - 6 potions of might
 e - 10 potions of curing
 g - 8 potions of heal wounds
 h - 6 potions of haste
 j - 3 potions of berserk rage
 m - 2 potions of invisibility
 n - 4 potions of resistance
 p - 5 potions of agility
Miscellaneous
 c - 2 phantom mirrors
 w - a lamp of fire
 y - 2 boxes of beasts
Comestibles
 f - 7 rations


   Skills:
 + Level 12.8 Fighting
 * Level 20.0 Axes
 + Level 14.9 Armour
   Level 3.2 Shields
 + Level 9.4 Invocations
 + Level 9.4 Evocations


You had 11 spell levels left.
You didn't know any spells.

Dungeon Overview and Level Annotations

Branches:
Dungeon (1/1)

Altars:
Ashenzari
Cheibriados
Dithmenos
Elyvilon
Fedhas
Gozag
Hepliaklqana
Kikubaaqudgha
Makhleb
Nemelex Xobeh
Okawaru
Qazlal
Ru
Sif Muna
Trog
Uskayaw
Vehumet
Wu Jian
Xom
Yredelemnul
Zin
The Shining One
Beogh
Jiyva
Lugonu


Innate Abilities, Weirdness & Mutations

You are resistant to damage.
You can heal yourself by infusing magical energy.
You passively map the area around you.
You do not regenerate.


Message History

The merfolk aquamancer closely misses you.
The sea snake barely misses you.
You feel more experienced!
Your Axes skill increases to level 20!
You have reached level 12!
Your experience leads to an increase in your attributes!
Your base attributes are Str 24, Int 8, Dex 12.
Increase (S)trength, (I)ntelligence, or (D)exterity?
You feel stronger.
You feel clever.
You are engulfed in a cloud of scalding steam.
The merfolk javelineer hits you but does no damage.
The merfolk aquamancer is engulfed in a cloud of scalding steam.
The merfolk aquamancer hits you but does no damage.
The merfolk hits you from afar with a trident!
* * * LOW HITPOINT WARNING * * *
The merfolk impaler hits you but does no damage.
The snapping turtle bites you but does no damage.
The merfolk aquamancer is engulfed in a cloud of scalding steam.
The merfolk aquamancer hits you with a +2 great sword of distortion!
You die...

,
▓≈.)})}))[..▓▓▓▓▓▓▓▓▓
, ,, ,,
▓..≈|=)}[.≈≈▓...8©8..
▓.≈≈≈≈....≈.▓..".})).
, 8
,▓..≈.≈..≈≈≈.▓...:.|..
,
,▓≈..m.≈.....▓........
, , ,
▓.≈........≈▓........
▓..mmmt≈...≈▓....))..
,
▓≈.▓mm...▓.≈▓........
▓≈≈m@(≈≈≈.≈.▓.▓.....▓
,
▓.§§§S©.≈≈≈.▓....©...
,
▓▓▓▓▓▓▓▓▓▓▓▓▓▓▓▓▓▓▓▓▓
, *,
▓...8©8...▓...8©8...▓
* *
▓..[.|)|).▓..:}[:|..▓
, ,
▓..[[=.=..▓..))[)|..▓
,, ,
▓.........▓.........▓
,
▓.........▓.........▓
*
▓.........▓.........▓


You could see a merfolk avatar, a merfolk impaler, a merfolk javelineer, a sea
snake, 3 merfolk aquamancers, a snapping turtle and a merfolk.

Vanquished Creatures
  3 death oozes (D)
  A sea snake (D)
  A spriggan druid (D)
  A harpy (D)
  A shining eye (D)
  2 toenail golems (D)
  3 merfolk (D)
  2 hornets (D)
  8 slime creatures (D)
  3 hippogriffs (D)
  10 spriggans (D)
  3 golden eyes (D)
  A floating eye (D)
  An ice beast (D)
  A black bear (D)
  A necrophage (D)
  2 phantoms (D)
  6 wolves (D)
  A small abomination (D)
  3 wights (D)
  A crimson imp (D)
  4 jellies (D)
  3 mummies (D)
  A river rat (D)
  A white imp (D)
  2 ufetubi (D)
  An ooze (D)
  2 adder zombies (D)
  2 adder skeletons (D)
  A bat skeleton (D)
  A bat zombie (D)
  A ball python zombie (D)
  A giant cockroach simulacrum (D)
  A jackal simulacrum (D)
  A leopard gecko skeleton (D)
  A leopard gecko zombie (D)
  A quokka simulacrum (D)
79 creatures vanquished.

Vanquished Creatures (others)
  A sea snake (D)
1 creature vanquished.

Grand Total: 80 creatures vanquished

Notes
Turn   | Place    | Note
-------+----------+-------------------------------------------
     0 | D        | Found the +6 Majin-Bo {vamp, Archmagi MP+6 Int+6}
     0 | D        | Found the +7 great mace "Firestarter" {inner flame, rF++}
     0 | D        | sanboga the Deep Dwarf Fighter began the quest for the Orb.
     0 | D        | Reached XP level 1. HP: 20/20 MP: 1/1
     0 | D        | Found a blossoming altar of Fedhas.
     1 | D        | Found a deep blue altar of Sif Muna.
     1 | D        | Found a sacrificial altar of Ru.
     1 | D        | Found a bloodstained altar of Trog.
     1 | D        | Found a stormy altar of Qazlal.
     1 | D        | Found an iron altar of Okawaru.
     1 | D        | Found a sparkling altar of Nemelex Xobeh.
     3 | D        | Found a transporter.
     3 | D        | Found an ancient bone altar of Kikubaaqudgha.
     3 | D        | Found a viscous altar of Jiyva.
     3 | D        | Found a corrupted altar of Lugonu.
     3 | D        | Found a hazy altar of Hepliaklqana.
     3 | D        | Found a burning altar of Makhleb.
     3 | D        | Found an opulent altar of Gozag.
     3 | D        | Banished a spatial maelstrom
    52 | D        | Became a worshipper of Makhleb the Destroyer
    58 | D        | Found the +9 heavy crossbow "Sniper" {velocity, Acc+∞ SInv}
    58 | D        | Found the +10 dark maul {crush}
    58 | D        | Found the +15 Maxwell's patent armour {-Cast -Tele rElec MR+ rCorr}
    58 | D        | Found the +18 shield of the Gong {rElec rN+ MR+ EV-5}
    58 | D        | Found the cursed +14 obsidian axe {chop, +Fly SInv *Curse}
    91 | D        | Entered arena 2.
    91 | D        | Noticed a toenail golem
    91 | D        | Noticed a toenail golem
    91 | D        | Found a transporter.
   100 | D        | Killed a toenail golem
   100 | D        | Reached skill level 10 in Axes
   100 | D        | Reached XP level 2. HP: 22/34 MP: 2/2
   100 | D        | Reached XP level 3. HP: 27/42 MP: 3/3
   100 | D        | Reached XP level 4. HP: 31/49 MP: 4/4
   100 | D        | Reached XP level 5. HP: 36/56 MP: 5/5
   100 | D        | Reached XP level 6. HP: 40/63 MP: 6/6
   103 | D        | Killed a toenail golem
   103 | D        | Reached skill level 12 in Axes
   103 | D        | Reached XP level 7. HP: 47/73 MP: 7/7
   312 | D        | Entered arena 3.
   312 | D        | Found a transporter.
   315 | D        | Reached * piety under Makhleb
   331 | D        | Entered arena 4.
   331 | D        | Found a transporter.
   334 | D        | Reached ** piety under Makhleb
   337 | D        | Reached skill level 13 in Axes
   339 | D        | Reached skill level 10 in Armour
   357 | D        | Entered arena 5.
   357 | D        | Found a transporter.
   361 | D        | Reached *** piety under Makhleb
   363 | D        | Reached XP level 8. HP: 82/82 MP: 7/7
   370 | D        | Entered arena 6.
   370 | D        | Found a transporter.
   372 | D        | Reached **** piety under Makhleb
   390 | D        | Entered arena 7.
   390 | D        | Noticed a merfolk
   390 | D        | Noticed a merfolk
   390 | D        | Noticed a hippogriff
   390 | D        | Noticed a hippogriff
   390 | D        | Noticed a hippogriff
   390 | D        | Noticed a merfolk
   391 | D        | Found a transporter.
   394 | D        | Killed a hippogriff
   397 | D        | Killed a hippogriff
   397 | D        | Reached ***** piety under Makhleb
   397 | D        | Reached skill level 14 in Axes
   397 | D        | Killed a hippogriff
   403 | D        | Killed a merfolk
   407 | D        | Killed a merfolk
   407 | D        | Reached skill level 15 in Axes
   407 | D        | Gained mutation: You passively map the area around you. [Deep Dwarf growth]
   407 | D        | Reached XP level 9. HP: 93/93 MP: 8/8
   408 | D        | Killed a merfolk
   408 | D        | Reached skill level 10 in Fighting
   415 | D        | Entered arena 8.
   416 | D        | Found a transporter.
   422 | D        | Reached ****** piety under Makhleb
   440 | D        | Got the amulet of New Discoveries {Gourm +Fly rPois Str+2}
   445 | D        | Entered arena 9.
   445 | D        | Noticed a spriggan rider
   445 | D        | Noticed a spriggan druid
   446 | D        | Found a transporter.
   450 | D        | Reached skill level 16 in Axes
   460 | D        | Killed a spriggan druid
   460 | D        | Reached skill level 17 in Axes
   460 | D        | Reached XP level 10. HP: 105/105 MP: 9/9
   466 | D        | Got the ring "Sakhabba" {rN+ Str+2}
   471 | D        | Entered arena 10.
   472 | D        | Found a transporter.
   478 | D        | Reached skill level 1 in Evocations
   488 | D        | Entered arena 11.
   488 | D        | Noticed a spriggan rider
   489 | D        | Found a transporter.
   491 | D        | Reached skill level 1 in Invocations
   502 | D        | Killed a spriggan rider
   502 | D        | Reached skill level 18 in Axes
   502 | D        | Reached skill level 5 in Evocations
   508 | D        | Entered arena 12.
   509 | D        | Noticed a shining eye
   509 | D        | Noticed a death ooze
   510 | D        | Paralysed by a floating eye for 4 turns
   516 | D        | Reached skill level 5 in Invocations
   524 | D        | Killed a death ooze
   528 | D        | Killed a shining eye
   530 | D        | Found a transporter.
   531 | D        | Reached XP level 11. HP: 114/114 MP: 13/15
   679 | D        | Entered arena 13.
   679 | D        | Noticed a death ooze
   680 | D        | Noticed a death ooze
   681 | D        | Found a transporter.
   687 | D        | Killed a death ooze
   689 | D        | Killed a death ooze
   689 | D        | Reached skill level 19 in Axes
   724 | D        | Identified a +0 pair of boots of running (You found it in the Dungeon)
   729 | D        | Entered arena 14.
   746 | D        | Noticed a merfolk impaler
   746 | D        | Noticed a merfolk avatar
   746 | D        | Noticed a harpy
   746 | D        | Noticed a merfolk aquamancer
   747 | D        | Noticed a sea snake
   747 | D        | Noticed a sea snake
   747 | D        | Noticed a merfolk javelineer
   748 | D        | Noticed a sea snake
   748 | D        | Noticed a merfolk aquamancer
   748 | D        | Noticed a merfolk aquamancer
   753 | D        | Killed a harpy
   754 | D        | Killed a sea snake
   759 | D        | Killed a sea snake
   760 | D        | Reached skill level 20 in Axes
   760 | D        | Reached XP level 12. HP: 7/123 MP: 18/18
   760 | D        | HP: 2/123 [merfolk/trident (5)]
   760 | D        | Mangled by a merfolk aquamancer

Skill      XL: |  1  2  3  4  5  6  7  8  9 10 11 |
---------------+----------------------------------+-----
Fighting       | 6 7 8 9 11 12 | 12.8
Axes           | 10 12 13 15 17 18 20 | 20.0
Armour         | 8 9 10 11 13 14 | 14.9
Evocations     | 6 9 |  9.4
Invocations    | 6 9 |  9.4
Shields        | |  3.2

Action                   |  1- 3 |  4- 6 |  7- 9 | 10-12 || total
-------------------------+-------+-------+-------+-------++-------
Melee: Executioner's axe |     8 |     3 |    61 |    51 ||   123
Invok: Major Destruction |       |       |       |     2 ||     2
 Abil: Heal Wounds       |       |       |     2 |       ||     2
  Use: Scroll            |       |       |     2 |       ||     2
       Potion            |       |       |       |     3 ||     3
Armor: Plate armour      |    17 |     3 |   114 |   133 ||   267
Dodge: Dodged            |     5 |     2 |    63 |    51 ||   121
